 Dungeon Crawl Stone Soup version 0.32-a0-931-g5a2cda0630 (webtiles) character file.

Game seed: 14801046200300365144

5 Pooter the Chopper (level 1, 0/20 HPs)
             Began as a Minotaur Berserker on Apr 14, 2024.
             Was a Follower of Trog.
             Slain by a cerulean imp
             ... wielding a +1 spear
             ... summoned by Natasha
              (2 damage)
             ... on level 2 of the Dungeon.
             The game lasted 00:00:50 (137 turns).

Pooter the Chopper (Minotaur Berserker)              Turns: 137, Time: 00:00:50

Health: 0/20       AC:  6    Str: 21    XL:     1   Next: 66%
Magic:  0/0        EV: 11    Int:  4    God:    Trog [*.....]
Gold:   0          SH:  0    Dex:  9    Spells: 0/0 levels left

rFire   . . .        a - +0 hand axe
rCold   . . .        (no shield)
rNeg    . . .        b - +0 animal skin
rPois   .            (helmet restricted)
rElec   .            (no cloak)
rCorr   .            (no gloves)
SInv    .            (no boots)
Will    .....        (no amulet)
Stlth   +            c - +4 ring of protection
HPRegen 0.23/turn    (no ring)
MPRegen 0.07/turn

%: no passive effects
@: on berserk cooldown, slowed, very slow
A: horns 2, retaliatory headbutt
a: Renounce Religion, Berserk


You were on level 2 of the Dungeon.
You worshipped Trog.
Trog was aware of your devotion.
You visited 1 branch of the dungeon, and saw 2 of its levels.

Inventory:

Hand Weapons
 a - a +0 hand axe (weapon)
Armour
 b - a +0 animal skin (worn)
Jewellery
 c - a +4 ring of protection (left hand)
   (You found it on level 1 of the Dungeon)
Scrolls
 d - a scroll of identify {unknown}


   Skills:
 + Level 3.7 Fighting
 * Level 3.8 Axes
 - Level 2.4 Armour
 - Level 2.1 Dodging
 * Level 0.5 Stealth


You couldn't memorise any spells.
You didn't know any spells.
Your spell library was empty.

Dungeon Overview and Level Annotations

Branches:
Dungeon (2/15) Zot: 11862

Altars:

Annotations:
D:2 Natasha


Innate Abilities, Weirdness & Mutations

You have a pair of horns on your head.
You reflexively headbutt those who attack you in melee.


Message History

No target in view!
d - a scroll labelled REUMACZ WOSTRIS
Found 13 gold pieces.
Natasha and a goblin come into view.
Natasha hisses angrily.
The goblin shouts!
Natasha wildly gestures.
You feel disoriented.
Natasha mumbles some strange words.
A red film seems to cover your vision as you go berserk!
You feel yourself moving faster!
You feel mighty!
Natasha mumbles some strange words.
You feel a strong urge to attack something.
The cerulean imp hits you with a +2 spear.
You closely miss the cerulean imp. You barely miss the cerulean imp.
The cerulean imp barely misses you.
You slash the cerulean imp! The cerulean imp closely misses you.
Natasha extends her claws.
You closely miss the cerulean imp. You headbutt the cerulean imp.
You kill the cerulean imp!
The cerulean imp disappears in a puff of smoke!
You closely miss the goblin.
Natasha casts a spell.
You hit the goblin. The goblin closely misses you.
You barely miss the goblin. Your headbutt misses the goblin.
The cerulean imp hits you but does no damage.
The goblin hits you but does no damage.
You slash the goblin!
You kill the goblin!
Trog accepts your kill.
You are no longer berserk.
You are exhausted.
You feel yourself slow down.
Natasha mumbles some strange words.
You feel troubled.
Natasha mumbles some strange words.
The cerulean imp closely misses you.
You closely miss the cerulean imp.
The cerulean imp hits you from afar with a +2 spear.
The cerulean imp hits you with a +1 spear.
* * * LOW HITPOINT WARNING * * *
The cerulean imp hits you from afar with a +2 spear.
* * * LOW HITPOINT WARNING * * *
You closely miss the cerulean imp.
The cerulean imp hits you but does no damage.
The cerulean imp closely misses you.
The cerulean imp hits you with a +1 spear.
* * * LOW HITPOINT WARNING * * *
You closely miss the cerulean imp. The cerulean imp barely misses you.
The cerulean imp hits you with a +1 spear.
You die...

#.#
..##
# #.#
#..
##.#
#..#
#.##
#.#
#.#
#.#
#@#
#5#
#5#
#h#
#5#
#.#
##.##
#...#
#$..#


You could see Natasha and 3 cerulean imps.

Vanquished Creatures
  A ribbon worm (D:2)
  2 goblins (D:2)
3 creatures vanquished.

Notes
Turn   | Place    | Note
-------+----------+-------------------------------------------
     0 | D:1      | Pooter the Minotaur Berserker began the quest for the Orb.
     0 | D:1      | Reached XP level 1. HP: 19/19 MP: 0/0
    20 | D:1      | You fall into a shaft and drop 1 floor!
   116 | D:2      | Noticed Natasha
   119 | D:2      | Noticed a cerulean imp
   127 | D:2      | Noticed a cerulean imp
   132 | D:2      | Noticed a cerulean imp
   135 | D:2      | Noticed a cerulean imp
   136 | D:2      | HP: 1/20 [cerulean imp/+1 spear[Natasha] (5)]
   137 | D:2      | Slain by a cerulean imp

Illustrated notes

Levels and vault maps discovered:
D:1:      tarquinn_simple_flora_water_a, layout_basic
D:2:      layout_loops_ring, uniq_terence, uniq_natasha

Action                     || total
---------------------------++-------
  Melee: Hand axe          ||    18
         Headbutt          ||     1
 Invoke: Berserk           ||     1
 Armour: Animal skin       ||    11
  Dodge: Dodged            ||    13

Table legend: (Time is in decaauts)
 A = Elapsed time spent in this place.
 B = Non-inter-level travel time spent in this place.
 C = Inter-level travel time spent in this place.
 D = Time resting spent in this place.
 E = Time spent auto-exploring this place.
 F = Levels seen in this place.
 G = Mean time per level.
                   A        B        C        D        E       F      G
               +--------+--------+--------+--------+--------+-----+--------+
         Total |    136 |    136 |      0 |      0 |     93 |   2 |   68.0 |
       Dungeon |    136 |    136 |      0 |      0 |     93 |   2 |   68.0 |
               +--------+--------+--------+--------+--------+-----+--------+

Top non-repeatable levels by time:
     D:2: 116 daAuts
     D:1: 19 daAuts
